 Dungeon Crawl Stone Soup version 0.21.1-72-gffa868e (webtiles) character file.

5520 wojtek the Cleaver (level 10, -14/88 HPs)
             Began as a Minotaur Fighter on Aug 5, 2018.
             Was a Follower of Makhleb.
             Demolished by a komodo dragon (23 damage)
             ... on level 10 of the Dungeon.
             The game lasted 00:10:22 (7654 turns).

wojtek the Cleaver (Minotaur Fighter)               Turns: 7654, Time: 00:10:23

Health: -14/88     AC: 16    Str: 27    XL:     10   Next: 43%
Magic:  12/12      EV: 10    Int:  7    God:    Makhleb [*.....]
Gold:   446        SH: 11    Dex: 10    Spells: 9/9 levels left

rFire    . . .     SeeInvis +   a - +0 war axe
rCold    . . .     Gourm    .   c - +0 shield
rNeg     . . .     Faith    .   J - +0 chain mail
rPois    .         Spirit   .   u - +3 crown of Dyrovepreva {rElec Int+2 SInv}
rElec    +         Reflect  .   (no cloak)
rCorr    .         Harm     .   (no gloves)
MR       .....                  v - +1 pair of boots
Stlth    ..........             (no amulet)
HPRegen  0.24/turn              b - +3 ring of strength
MPRegen  0.13/turn              (no ring)

@: no status effects
A: retaliatory headbutt, horns 2
a: Renounce Religion


You were on level 10 of the Dungeon.
You worshipped Makhleb.
Makhleb was aware of your devotion.
You were hungry.

You visited 2 branches of the dungeon, and saw 11 of its levels.

You collected 446 gold pieces.

Inventory:

Hand Weapons
 a - a +0 war axe (weapon)
 y - the +5 rapier "Adiroq" {pain, Str+4 Int-4 Dex+2, unknown}
   (You took it off an orc wizard on level 10 of the Dungeon)

   In the hands of one skilled in necromantic magic, it inflicts extra damage on
   living creatures.
   It affects your strength (+4).
   It affects your intelligence (-4).
   It affects your dexterity (+2).
Armour
 c - a +0 shield (worn)
 u - the +3 crown of Dyrovepreva (worn) {rElec Int+2 SInv}
   (You found it on level 5 of the Dungeon)

   It affects your intelligence (+2).
   It insulates you from electricity.
   It lets you see invisible.
 v - a +1 pair of boots (worn)
 J - a +0 chain mail (worn)
Jewellery
 b - a +3 ring of strength (left hand)
Wands
 z - a wand of acid (2)
 G - a wand of paralysis (6)
Scrolls
 e - a scroll of immolation {unknown}
 g - 2 scrolls of noise {unknown}
 i - 5 scrolls of remove curse
 k - 2 scrolls of blinking {unknown}
 l - 2 scrolls of magic mapping {unknown}
 n - 4 scrolls of fog
 o - 3 scrolls of enchant weapon
 r - 2 scrolls of identify
 w - 2 scrolls of random uselessness {unknown}
 x - 3 scrolls of teleportation {unknown}
 B - a scroll of silence {unknown}
 E - a scroll of enchant armour {unknown}
 F - a scroll of brand weapon {unknown}
 I - a scroll of acquirement {unknown}
 L - a scroll of fear {unknown}
Potions
 d - 2 potions of might
 h - a potion of mutation {unknown}
 j - a potion of berserk rage {unknown}
 m - a potion of invisibility {unknown}
 p - 5 potions of curing {unknown}
 q - 3 potions of heal wounds {unknown}
 s - a potion of haste {unknown}
 t - a potion of lignification {unknown}
 A - a potion of degeneration {unknown}
 C - a potion of brilliance {unknown}
 D - a potion of agility {unknown}
Books
 H - a book of Necromancy

   Spells                             Type                      Level
   a - Pain                           Necromancy                   1
   b - Animate Skeleton               Necromancy                   1
   c - Vampiric Draining              Necromancy                   3
   d - Regeneration                   Charms/Necromancy            3
   e - Animate Dead                   Necromancy                   4
   f - Borgnjor's Vile Clutch         Necromancy/Earth             5
 K - a book of Frost

   Spells                             Type                      Level
   a - Freeze                         Ice                          1
   b - Throw Frost                    Conjuration/Ice              2
   c - Ozocubu's Armour               Charms/Ice                   3
   d - Throw Icicle                   Conjuration/Ice              4
   e - Summon Ice Beast               Ice/Summoning                4
Comestibles
 f - 23 rations


   Skills:
 + Level 7.9 Fighting
 + Level 10.5 Axes
 + Level 8.0 Armour
 + Level 6.3 Dodging
 + Level 8.0 Shields
 * Level 4.3 Invocations
 + Level 2.6 Evocations


You had 9 spell levels left.
You didn't know any spells.

Dungeon Overview and Level Annotations

Branches:
Dungeon (10/15)            Temple (1/1) D:6
   Lair: D:8-11         Orc: D:9-12

Altars:
Ashenzari
Cheibriados
Dithmenos
Elyvilon
Fedhas
Gozag
Hepliaklqana
Kikubaaqudgha
Makhleb
Nemelex Xobeh
Okawaru
Qazlal
Ru
Sif Muna
Trog
Uskayaw
Vehumet
Wu Jian
Xom
Yredelemnul
Zin
The Shining One


Innate Abilities, Weirdness & Mutations

You reflexively headbutt those who attack you in melee.
You have a pair of horns on your head.


Message History

The komodo dragon closely misses you. You furiously retaliate!
You headbutt the komodo dragon, but do no damage.
You slash the komodo dragon! Your headbutt misses the komodo dragon.
The komodo dragon is moderately wounded.
The komodo dragon barely misses you.
You slice the komodo dragon!!
The komodo dragon is severely wounded.
The komodo dragon bites you!
You hit the komodo dragon.
The komodo dragon is severely wounded.
The komodo dragon bites you!!
* * * LOW HITPOINT WARNING * * *
You hit the komodo dragon.
The komodo dragon is severely wounded.
The komodo dragon bites you.
* * * LOW HITPOINT WARNING * * *
You hit the komodo dragon but do no damage.
The komodo dragon is severely wounded.
The komodo dragon bites you!!
You die...

#..##..#
#..##..#
#..##.<#
#(.##..#
#..##..#
#......#
#......#
#(##...# .
#@##...##..
#l##.......
#S5).......
#.#...#...#
..####.)#...#...
........[#..(#
........#...#...
..####.#...#...#
. #..........


You could see a komodo dragon, a water moccasin and a shadow imp.

Vanquished Creatures
  The ghost of raikaria the Skirmisher, a novice HOFi (D:6)
  Prince Ribbit (D:9)
  A hippogriff (D:8)
  A spriggan (D:7)
  A wyvern (D:8)
  The ghost of wojtek the Chopper, an amateur MiFi (D:3)
  2 hungry ghosts
  3 ice beasts
  5 sky beasts
  An orc warrior (D:10)
  2 phantoms
  3 black bears
  A boggart (D:10)
  4 ogres
  4 centaurs
  A big kobold (D:10)
  3 bullfrogs
  A water moccasin skeleton (D:5)
  4 scorpions
  A killer bee (D:10)
  4 wights (D:9)
  5 howler monkeys
  2 crimson imps
  6 hounds
  2 jellies
  5 orc wizards
  3 orc priests
  2 bullfrog skeletons
  2 iguanas
  5 worker ants
  A hound zombie (D:5)
  A worker ant zombie (D:8)
  3 gnolls (D:4)
  A howler monkey skeleton (D:5)
  14 adders
  A shadow imp (D:10)
  2 oozes
  An adder zombie (D:6)
  An adder skeleton (D:4)
  6 worms
  A dart slug (D:2)
  3 leopard geckos
  21 orcs
  2 giant cockroaches (D:5)
  6 goblins
  8 hobgoblins
  9 jackals
  5 kobolds
  3 quokkas
  9 bats
  4 frilled lizards
  2 gnoll zombies (D:3)
  A leopard gecko skeleton (D:4)
  7 rats
189 creatures vanquished.

Vanquished Creatures (others)
  A bush (D:5)
1 creature vanquished.

Grand Total: 190 creatures vanquished

Notes
Turn   | Place    | Note
-------+----------+-------------------------------------------
     0 | D:1      | wojtek the Minotaur Fighter began the quest for the Orb.
     0 | D:1      | Reached XP level 1. HP: 19/19 MP: 0/0
    68 | D:1      | Reached skill level 3 in Axes
   285 | D:1      | Reached XP level 2. HP: 23/26 MP: 1/1
   477 | D:2      | Reached skill level 4 in Axes
   540 | D:2      | Reached XP level 3. HP: 23/31 MP: 2/2
   659 | D:2      | Reached skill level 5 in Axes
   947 | D:2      | Reached XP level 4. HP: 39/39 MP: 3/3
  1174 | D:2      | Reached skill level 6 in Axes
  1376 | D:2      | Reached XP level 5. HP: 40/45 MP: 4/4
  1797 | D:3      | Noticed wojtek's ghost (amateur MiFi)
  2155 | D:4      | Reached skill level 7 in Axes
  2169 | D:4      | Noticed an ogre
  2174 | D:4      | Killed an ogre
  2174 | D:4      | Reached XP level 6. HP: 25/51 MP: 5/5
  2339 | D:4      | Reached skill level 8 in Axes
  2721 | D:3      | Found a basalt altar of Yredelemnul.
  2901 | D:4      | Reached skill level 1 in Dodging
  3119 | D:4      | Reached XP level 7. HP: 25/59 MP: 6/6
  3516 | D:5      | Entered Level 5 of the Dungeon
  3631 | D:5      | Reached skill level 5 in Armour
  3891 | D:5      | Found the +3 crown of Dyrovepreva {rElec Int+2 SInv}
  4007 | D:5      | Reached skill level 5 in Fighting
  4007 | D:5      | Reached skill level 5 in Shields
  4058 | D:5      | Reached XP level 8. HP: 68/68 MP: 7/7
  4131 | D:5      | Reached skill level 9 in Axes
  4421 | D:6      | Noticed Prince Ribbit
  4489 | D:6      | Reached XP level 9. HP: 50/78 MP: 8/8
  4686 | D:6      | Noticed raikaria's ghost (novice HOFi)
  4807 | D:6      | Killed raikaria's ghost
  4807 | D:6      | Reached skill level 5 in Dodging
  5081 | D:6      | Found a staircase to the Ecumenical Temple.
  5243 | Temple   | Entered the Ecumenical Temple
  5375 | Temple   | Became a worshipper of Makhleb the Destroyer
  5797 | D:7      | Reached skill level 1 in Invocations
  5818 | D:7      | Reached skill level 10 in Axes
  5908 | D:7      | Reached skill level 1 in Evocations
  5958 | D:7      | Found a bloodstained altar of Trog.
  6297 | D:3      | Killed wojtek's ghost
  6477 | D:8      | Found a shattered altar of Ashenzari.
  6701 | D:8      | Reached * piety under Makhleb
  6701 | D:8      | Reached XP level 10. HP: 78/86 MP: 11/11
  7354 | D:9      | Killed Prince Ribbit
  7569 | D:10     | Entered Level 10 of the Dungeon
  7620 | D:10     | Got a crystal rapier {pain}
  7654 | D:10     | Demolished by a komodo dragon

Skill      XL: |  1  2  3  4  5  6  7  8  9 10 |
---------------+-------------------------------+-----
Axes           | 3 4 5 6 7 8 9 10 | 10.5
Dodging        | 1 3 4 5 6 |  6.3
Armour         | 4 5 6 7 8 |  8.0
Shields        | 4 5 6 7 8 |  8.0
Fighting       | 4 5 6 7 |  7.9
Invocations    | 3 4 |  4.3
Evocations     | 1 2 |  2.6

Action                   |  1- 3 |  4- 6 |  7- 9 | 10-12 || total
-------------------------+-------+-------+-------+-------++-------
Melee: War axe           |    71 |   143 |   295 |   109 ||   618
       Headbutt          |    10 |    34 |    58 |    17 ||   119
Evoke: Wand              |       |       |       |     5 ||     5
  Use: Scroll            |       |     1 |     4 |       ||     5
  Eat: Chunk             |       |     7 |    12 |     4 ||    23
       Ration            |       |       |       |     1 ||     1
Armor: Scale mail        |    34 |    53 |    83 |       ||   170
       Chain mail        |       |       |    21 |    41 ||    62
Dodge: Dodged            |    30 |    46 |    75 |    36 ||   187
Block: Shield            |    38 |    82 |   146 |    47 ||   313
